 Dungeon Crawl Stone Soup version 0.26.1-11-gd32895ea62 (webtiles) character file.

Game seed: 15986071364202548231

237 Patoropollo the Shield-Bearer (level 6, 0/53 HPs)
             Began as a Gnoll Fighter on June 14, 2021.
             Slain by an iron imp (2 damage)
             ... summoned by Eustachio
             ... on level 4 of the Dungeon.
             The game lasted 00:11:13 (3168 turns).

Patoropollo the Shield-Bearer (Gnoll Fighter)       Turns: 3168, Time: 00:11:15

Health: 0/53       AC: 17    Str: 18      XL:     6   Next: 6%
Magic:  8/8        EV:  6    Int: 11      God:
Gold:   219        SH:  6    Dex: 15 (16) Spells: 8/8 levels left

rFire    . . .     SeeInvis .   a - +0 flail
rCold    . . .     Faith    .   i - +0 buckler
rNeg     . . .     Spirit   .   f - +0 plate armour
rPois    .         Reflect  .   (no helmet)
rElec    .         Harm     .   (no cloak)
rCorr    .         Rampage  .   (no gloves)
Will     .....                  (no boots)
Stlth    ..........             (no amulet)
HPRegen  0.17/turn              m - +4 ring of protection
MPRegen  0.11/turn              (no ring)

@: mighty
A: distributed training, fangs 1, strong nose
a: no special abilities


You were on level 4 of the Dungeon.
You visited 1 branch of the dungeon, and saw 4 of its levels.

You collected 219 gold pieces.

Inventory:

Hand Weapons
 a - a +0 flail (weapon)
Missiles
 o - 2 javelins (quivered)
Armour
 c - a +0 kite shield
 f - a +0 plate armour (worn)
 i - a +0 buckler (worn)
Jewellery
 m - a +4 ring of protection (left hand)
Scrolls
 e - 2 scrolls of blinking {unknown}
 g - 3 scrolls of fog
 h - a scroll of teleportation {unknown}
 j - a scroll of amnesia {unknown}
 l - 3 scrolls of identify {unknown}
 s - a scroll of enchant armour {unknown}
 t - a scroll of remove curse
 u - a scroll of immolation {unknown}
Potions
 b - 3 potions of curing
 d - a potion of might
 k - 2 potions of ambrosia {unknown}
 n - a potion of attraction {unknown}
 p - a potion of invisibility {unknown}
 q - a potion of flight {unknown}
 r - a potion of cancellation {unknown}
 v - a potion of mutation {unknown}
 w - a potion of magic {unknown}


   Skills:
 + Level 6.8 Fighting
 + Level 1.8 Short Blades
 + Level 1.8 Long Blades
 + Level 1.8 Axes
 + Level 4.9 Maces & Flails
 + Level 1.8 Polearms
 + Level 1.8 Staves
 + Level 1.8 Slings
 + Level 1.8 Bows
 + Level 1.8 Crossbows
 + Level 1.8 Throwing
 + Level 6.8 Armour
 + Level 1.8 Dodging
 + Level 1.8 Stealth
 + Level 6.8 Shields
 + Level 1.8 Unarmed Combat
 + Level 1.8 Spellcasting
 + Level 1.4 Conjurations
 + Level 1.4 Hexes
 + Level 1.4 Summonings
 + Level 1.4 Necromancy
 + Level 1.4 Translocations
 + Level 1.4 Transmutations
 + Level 1.4 Fire Magic
 + Level 1.4 Ice Magic
 + Level 1.4 Air Magic
 + Level 1.4 Earth Magic
 + Level 1.4 Poison Magic
 + Level 2.0 Invocations
 + Level 1.8 Evocations


You had 8 spell levels left.
You didn't know any spells.
Your spell library contained the following spells:

 Spells                   Type           Power        Failure   Level
 Magic Dart               Conj           16%          99%         1
 Searing Ray              Conj           8%           100%        2
 Dazzling Flash           Conj/Hex       8%           100%        3
 Fulminant Prism          Conj/Hex       2%           100%        4
 Iskenderun's Mystic Bla  Conj/Tloc      4%           100%        4


Dungeon Overview and Level Annotations

Branches:
Dungeon (4/15)
 Temple: D:4-7

Altars:
Dithmenos
Qazlal

Annotations:
D:4 Eustachio


Innate Abilities, Weirdness & Mutations

Your experience applies equally to all skills.
You have very sharp teeth.
Your uncanny sense of smell can sniff out nearby items.


Message History

The quasit bites you but does no damage.
The quasit claws you but does no damage.
The quasit barely misses you.
You barely miss the quokka. You bite the quokka.
The quokka is heavily wounded.
The quokka bites you but does no damage.
The quasit bites you but does no damage.
You block the quasit's attack. x2; The iron imp hits you!
* * * LOW HITPOINT WARNING * * *
The river rat twitches its whiskers.
The river rat barely misses you.
Unknown command.
You closely miss the quokka. Your bite misses the quokka.
The quokka is heavily wounded.
The quasit disappears in a puff of smoke!
The quokka barely misses you.
The river rat bites you but does no damage.
Eustachio yells, "Perjured traitor, DIE!"
The iron imp hits you.
You die...

#......#...#......
#.>....#...#......
#......#...'....##
#......#...##...# ###+#
#......#...##...#
#.....#......#....#...#
#.8.8.#r.@...#....#...#
+.._..5r§..†.'....#...#
#.8.8.#@rr...###+###'##
#..(. ###.............#
###+ #.............#
#.............#
#............<#
#.............#
#.............#
###############


You could see Eustachio, an iron imp (summoned), 2 river rats, a quokka
(summoned) and a rat (summoned).

Vanquished Creatures
  A hound (D:4)
  2 worker ants (D:4)
  7 adders
  An ooze (D:1)
  A worm (D:2)
  4 dart slugs (D:2)
  3 leopard geckos
  7 orcs (D:3)
  3 giant cockroaches (D:2)
  10 goblins
  7 hobgoblins
  3 jackals (D:2)
  3 ball pythons
  4 bats
  3 frilled lizards
  8 kobolds
  11 rats
  A bush (D:2)
79 creatures vanquished.

Vanquished Creatures (others)
  6 plants (D:2)
6 creatures vanquished.

Grand Total: 85 creatures vanquished

Notes
Turn   | Place    | Note
-------+----------+-------------------------------------------
     0 | D:1      | Patoropollo the Gnoll Fighter began the quest for the Orb.
     0 | D:1      | Reached XP level 1. HP: 23/23 MP: 1/1
   129 | D:1      | Reached XP level 2. HP: 29/29 MP: 2/2
   693 | D:1      | Reached XP level 3. HP: 35/35 MP: 3/3
   785 | D:2      | Reached skill level 1 in Invocations
  1045 | D:2      | Reached skill level 1 in Short Blades
  1045 | D:2      | Reached skill level 1 in Long Blades
  1045 | D:2      | Reached skill level 1 in Axes
  1045 | D:2      | Reached skill level 1 in Polearms
  1045 | D:2      | Reached skill level 1 in Staves
  1045 | D:2      | Reached skill level 1 in Slings
  1045 | D:2      | Reached skill level 1 in Bows
  1045 | D:2      | Reached skill level 1 in Crossbows
  1045 | D:2      | Reached skill level 1 in Throwing
  1045 | D:2      | Reached skill level 1 in Dodging
  1045 | D:2      | Reached skill level 1 in Stealth
  1045 | D:2      | Reached skill level 1 in Unarmed Combat
  1045 | D:2      | Reached skill level 1 in Spellcasting
  1045 | D:2      | Reached skill level 1 in Evocations
  1128 | D:2      | Reached XP level 4. HP: 41/41 MP: 5/5
  1711 | D:2      | Reached skill level 1 in Conjurations
  1711 | D:2      | Reached skill level 1 in Hexes
  1711 | D:2      | Reached skill level 1 in Summonings
  1711 | D:2      | Reached skill level 1 in Necromancy
  1711 | D:2      | Reached skill level 1 in Translocations
  1711 | D:2      | Reached skill level 1 in Transmutations
  1711 | D:2      | Reached skill level 1 in Fire Magic
  1711 | D:2      | Reached skill level 1 in Ice Magic
  1711 | D:2      | Reached skill level 1 in Air Magic
  1711 | D:2      | Reached skill level 1 in Earth Magic
  1711 | D:2      | Reached skill level 1 in Poison Magic
  1775 | D:3      | Noticed a water elemental
  1784 | D:3      | Found a stormy altar of Qazlal.
  1785 | D:3      | Noticed an earth elemental
  1788 | D:3      | Noticed a fire elemental
  1788 | D:3      | Noticed an air elemental
  2023 | D:3      | Reached XP level 5. HP: 47/47 MP: 6/6
  2986 | D:4      | Reached XP level 6. HP: 53/53 MP: 8/8
  3141 | D:4      | Found a shadowy altar of Dithmenos.
  3141 | D:4      | Noticed Eustachio
  3167 | D:4      | HP: 2/53 [iron imp[Eustachio] (8)]
  3168 | D:4      | Slain by an iron imp

Illustrated notes

Levels and vault maps discovered:
D:1:      giann_forest_graveyard, layout_basic, minmay_pentomino_r2
D:2:      layout_basic, serial_forest, infiniplex_forest_lined_3_way,
          infiniplex_forest_diagonal, infiniplex_forest_clump_C,
          infiniplex_forest_corner_1, infiniplex_forest_lined_ring,
          infiniplex_forest_clump_small, infiniplex_forest_pool,
          infiniplex_forest_end_2, infiniplex_forest_zigzag_2
D:3:      layout_loops_cross, nicolae_qazlal_style_of_elements, serial_glass,
          glass_columns_a, glass_columns_b, hangedman_decor_growths,
          kennysheep_big_empty_room
D:4:      layout_gridville, kennysheep_little_box, uniq_eustachio,
          uniq_crazy_yiuf_cottage

Skill      XL: |  1  2  3  4  5 |
---------------+----------------+-----
Invocations    | 1 2 |  2.0
Short Blades   | 1 |  1.8
Long Blades    | 1 |  1.8
Axes           | 1 |  1.8
Polearms       | 1 |  1.8
Staves         | 1 |  1.8
Slings         | 1 |  1.8
Bows           | 1 |  1.8
Crossbows      | 1 |  1.8
Throwing       | 1 |  1.8
Dodging        | 1 |  1.8
Stealth        | 1 |  1.8
Unarmed Combat | 1 |  1.8
Spellcasting   | 1 |  1.8
Evocations     | 1 |  1.8
Conjurations   | 1 |  1.4
Hexes          | 1 |  1.4
Summonings     | 1 |  1.4
Necromancy     | 1 |  1.4
Translocations | 1 |  1.4
Transmutations | 1 |  1.4
Fire Magic     | 1 |  1.4
Ice Magic      | 1 |  1.4
Air Magic      | 1 |  1.4
Earth Magic    | 1 |  1.4
Poison Magic   | 1 |  1.4
Fighting       | |  6.8
Maces & Flails | |  4.9
Armour         | |  6.8
Shields        | |  6.8

Action                   |  1- 3 |  4- 6 || total
-------------------------+-------+-------++-------
Melee: Flail             |    79 |   207 ||   286
       Bite              |     8 |    29 ||    37
Throw: Javelin           |       |    24 ||    24
  Use: Scroll            |     2 |       ||     2
       Potion            |       |     1 ||     1
Armor: Plate armour      |    50 |   130 ||   180
Dodge: Dodged            |    17 |    65 ||    82
Block: Kite shield       |     7 |       ||     7
       Buckler           |    12 |    61 ||    73
